 Dungeon Crawl Stone Soup version 0.26-a0-21-gf97e55dc39 (webtiles) character file.

Game seed: 3712398824204785234, levelgen mode: deterministic

3062 Esekla the Ducker (level 9, 0/58 HPs)
             Began as an Octopode Warper on May 26, 2020.
             Was an Initiate of Gozag.
             Slain by an orc warrior
             ... wielding a +0 halberd
              (8 damage)
             ... on level 8 of the Dungeon.
             The game lasted 01:00:42 (8574 turns).

Esekla the Ducker (Octopode Warper)                 Turns: 8574, Time: 01:00:42

Health: 0/58       AC:  1    Str: 10    XL:     9   Next: 88%
Magic:  10/14      EV: 16    Int: 18    God:    Gozag
Gold:   288        SH:  0    Dex: 12    Spells: 3/15 levels left

rFire    + . .     SeeInvis .   p - +2 dagger (protect)
rCold    . . .     Gourm    .   (no shield)
rNeg     . . .     Faith    .   (helmet restricted)
rPois    +         Spirit   .   l - amulet of the acrobat
rElec    .         Reflect  .   z - ring of poison resistance
rCorr    .         Harm     .   H - ring of protection from fire (curse)
MR       .....                  (no ring)
Stlth    ++++......             (no ring)
HPRegen  0.19/turn              (no ring)
MPRegen  0.14/turn              (no ring)
                                (no ring)
                                (no ring)

@: no status effects
A: almost no armour, stealthy swim, amphibious, 8 rings, constrict 8, camouflage
1, gelatinous body 1
a: Potion Petition, Call Merchant, Bribe Branch, Renounce Religion


You were on level 8 of the Dungeon.
You worshipped Gozag.
Gozag was aware of your devotion.
You were near starving.

You visited 2 branches of the dungeon, and saw 11 of its levels.

You collected 558 gold pieces.
You spent 133 gold pieces at shops.
You paid 137 gold pieces to Gozag.

Inventory:

Hand Weapons
 a - a +0 falchion
 p - a +2 dagger of protection (weapon)
Missiles
 d - 5 boomerangs of dispersal
 u - a boomerang
 v - 41 poisoned darts (quivered)
Jewellery
 e - an uncursed ring of fire
 l - an amulet of the acrobat (around mantle)
 w - an uncursed ring of teleportation
 z - a ring of poison resistance (left tentacle)
 H - a cursed ring of protection from fire (right tentacle)
 J - an uncursed ring of protection from magic {unknown}
Wands
 q - a wand of acid (2)
 D - a wand of random effects (25)
Scrolls
 c - 2 scrolls of blinking
 h - 2 scrolls of enchant weapon
 i - 3 scrolls of teleportation
 s - 3 scrolls of amnesia
 x - 5 scrolls of remove curse
 y - a scroll of fear
 A - a scroll of fog
 C - 2 scrolls of identify
 G - 2 scrolls of magic mapping
 I - a scroll of enchant armour
Potions
 b - 11 potions of curing
 g - a potion of haste
 j - a potion of lignification {unknown}
 k - a potion of might {unknown}
 m - a potion of berserk rage
 n - a potion of resistance
 o - a potion of ambrosia {unknown}
 r - a potion of magic {unknown}
 t - a potion of brilliance
 B - a potion of mutation {unknown}
 E - a potion of stabbing
 F - a potion of flight {unknown}
Comestibles
 f - 8 rations


   Skills:
 + Level 4.1 Fighting
 + Level 5.7(6.6) Short Blades
 + Level 4.9(6.2) Long Blades
 - Level 1.0 Throwing
 + Level 6.2 Dodging
 + Level 6.1 Stealth
 + Level 3.7 Spellcasting
 + Level 2.3 Charms
 * Level 3.4 Summonings
 - Level 4.3 Translocations
 * Level 3.3 Air Magic


You had 3 spell levels left.
You knew the following spells:

 Your Spells              Type           Power        Failure   Level  Hunger
a - Shroud of Golubria    Chrm/Tloc      ###...       6%          2    ##.....
b - Blink                 Tloc           N/A          3%          2    ##.....
e - Summon Lightning Spi  Summ/Air       ###.....     36%         4    ####...
p - Passage of Golubria   Tloc           N/A          26%         4    ####...

Your spell library contained the following spells:

 Spells                   Type           Power        Failure   Level  Hunger
 Summon Small Mammal      Summ           ###.         3%          1    None
 Call Imp                 Summ           ###.....     5%          2    ##.....
 Gell's Gravitas          Tloc           ###.......   8%          3    ###....
 Lesser Beckoning         Tloc           ###.......   8%          3    ###....
 Teleport Other           Tloc           ###.....     8%          3    ###....
 Call Canine Familiar     Summ           ###.....     11%         3    ###....
 Summon Guardian Golem    Hex/Summ       #.......     22%         3    ###....
 Summon Ice Beast         Ice/Summ       #.......     58%         4    ####...


Dungeon Overview and Level Annotations

Branches:
Dungeon (10/15)            Temple (1/1) D:5            Lair (0/6) D:8
    Orc: D:9-12

Altars:
Ashenzari
Cheibriados
Dithmenos
Elyvilon
Fedhas
Gozag
Hepliaklqana
Kikubaaqudgha
Makhleb
Nemelex Xobeh
Okawaru
Qazlal
Ru
Sif Muna
Trog
Uskayaw
Vehumet
Wu Jian
Xom
Yredelemnul
Zin
The Shining One

Shops:
D:4 **[(}   D:7 (

Annotations:
D:8 3 runed translucent doors, NoobNation's ghost, novice HOFi
D:9 1 runed translucent door


Innate Abilities, Weirdness & Mutations

You cannot wear most types of armour.
You are very stealthy in the water. (Stealth+)
You are amphibious.
You can wear up to eight rings at the same time.
You can use your tentacles to constrict eight enemies at once.
Your skin changes colour to match your surroundings (Stealth+).
Your rubbery body absorbs attacks. (AC +1, EV +1)


Message History

There is a stone staircase leading down here.
Casting: Blink (safe; 3% risk of failure)
Confirm with . or Enter, or press ? or * to list all spells.
You blink.
The big kobold shouts!
Throwing (i - inventory. (/) - cycle)
v - 43 poisoned darts (quivered)
Press: ? - help, Shift-Dir - straight line, f - orc warrior
Aim: an orc warrior, wielding a +0 halberd and wearing a +1 chain mail of poison resistance You throw a poisoned dart.
The poisoned dart closely misses the orc warrior.
Throwing (i - inventory. (/) - cycle)
v - 42 poisoned darts (quivered)
Press: ? - help, Shift-Dir - straight line, f/p - orc warrior
Aim: an orc warrior, wielding a +0 halberd and wearing a +1 chain mail of poison resistance You throw a poisoned dart.
The poisoned dart hits the orc warrior.
Casting: Blink (safe; 3% risk of failure)
Confirm with . or Enter, or press ? or * to list all spells.
You blink.
The orc warrior hits you with a +0 halberd!
You die...
Your body crumbles into a pile of gold.

### #.. ##########..
#........... #.#.#####...
#########'#(# #...
#§.o(.......# #.##
#..@........# #.#
#####..........# #.##
##≈KK##.........#####...
#...WK#......>........##
#..###K+..####.#(.......#
#....KK+..# #.#######..#
#(.###K+.## #.# ##.#
#....K#.# ##.#### #..
##≈⌠≈##.# #.....# #..


You could see an orc warrior, 7 big kobolds and NoobNation's ghost.

Vanquished Creatures
  Pikel (D:4)
  A wyvern (D:8)
  A water moccasin (D:8)
  Duvessa (D:7)
  An orc warrior (D:9)
  A sky beast (D:7)
  2 necrophages (D:9)
  2 phantoms (D:6)
  2 centaurs
  Blork the orc (D:4)
  A bullfrog (D:6)
  Dowan (D:7)
  2 scorpions
  2 wights (D:7)
  5 killer bees (D:8)
  2 howler monkeys (D:7)
  3 crimson imps
  2 quasits
  2 centaur skeletons
  A jelly (D:8)
  2 hounds
  3 orc wizards
  Natasha (D:2)
  6 worker ants
  A hound zombie (D:7)
  2 hound skeletons
  2 worker ant zombies
  4 gnolls
  A howler monkey skeleton (D:7)
  6 adders
  2 oozes
  3 worms
  2 dart slugs (D:2)
  4 leopard geckos
  9 orcs
  6 bats
  7 giant cockroaches
  6 goblins
  11 hobgoblins
  16 jackals
  5 quokkas
  2 ball pythons (D:3)
  A ball python skeleton (D:4)
  3 frilled lizards
  A jackal skeleton (D:4)
  6 kobolds
  A leopard gecko skeleton (D:5)
  A quokka skeleton (D:4)
  A quokka zombie (D:8)
  5 rats
154 creatures vanquished.

Vanquished Creatures (others)
  Edmund (D:4)
  An adder (D:4)
  2 jackals (D:5)
  A fungus (D:8)
  3 plants (D:8)
8 creatures vanquished.

Grand Total: 162 creatures vanquished

Notes
Turn   | Place    | Note
-------+----------+-------------------------------------------
     0 | D:1      | Esekla the Octopode Warper began the quest for the Orb.
     0 | D:1      | Reached XP level 1. HP: 14/14 MP: 3/3
   295 | D:1      | Reached XP level 2. HP: 16/19 MP: 5/5
   309 | D:1      | Learned a level 2 spell: Shroud of Golubria
   312 | D:1      | Learned a level 2 spell: Blink
   969 | D:2      | Reached XP level 3. HP: 25/25 MP: 6/6
  1172 | D:2      | Reached XP level 4. HP: 30/30 MP: 5/7
  2299 | D:2      | Noticed Natasha
  2481 | D:2      | Killed Natasha
  2481 | D:2      | Reached skill level 1 in Stealth
  2481 | D:2      | Reached XP level 5. HP: 35/35 MP: 8/8
  2576 | D:3      | You fall into a shaft and drop 1 floor!
  2581 | D:4      | Found Qatepysa's Armour Shop.
  2669 | D:4      | Found Otsen's Assorted Antiques.
  2679 | D:4      | Bought a scroll labeled HYANOKLOTAETE for 26 gold pieces
  2679 | D:4      | Bought an orange potion for 23 gold pieces
  2719 | D:4      | Found a basalt altar of Yredelemnul.
  2792 | D:4      | Noticed Blork the orc
  2805 | D:4      | Noticed Pikel
  2807 | D:4      | Killed Blork the orc
  2807 | D:4      | Reached skill level 1 in Short Blades
  2812 | D:4      | Noticed Edmund
  3113 | D:4      | Found Najefa's Weapon Boutique.
  3120 | D:4      | Found Ymeasos's Gadget Boutique.
  3146 | D:4      | Noticed a slave
  3158 | D:4      | Killed Pikel
  3158 | D:4      | Reached XP level 6. HP: 14/42 MP: 8/10
  3158 | D:4      | Reached XP level 7. HP: 16/46 MP: 8/11
  3522 | D:4      | Found Zihar's Assorted Antiques.
  3541 | D:4      | Bought a scroll labeled XIX LANO BIUCI for 30 gold pieces
  3541 | D:4      | Bought a murky green potion for 27 gold pieces
  3762 | D:4      | Killed Edmund
  4159 | D:3      | Learned a level 4 spell: Passage of Golubria
  4180 | D:5      | Entered Level 5 of the Dungeon
  4183 | D:5      | Reached skill level 1 in Charms
  4183 | D:5      | Reached XP level 8. HP: 52/52 MP: 12/12
  4285 | D:5      | Found a snail-covered altar of Cheibriados.
  4294 | D:5      | Reached skill level 5 in Stealth
  4299 | D:5      | Found a glowing silver altar of Zin.
  4304 | D:5      | Found a hazy altar of Hepliaklqana.
  4311 | D:5      | Found a shimmering blue altar of Sif Muna.
  4371 | D:5      | Reached skill level 5 in Dodging
  4373 | D:5      | Found an ornate altar of the Wu Jian Council.
  4497 | D:5      | Found a white marble altar of Elyvilon.
  4615 | D:4      | Bought an emerald potion for 27 gold pieces
  4685 | D:5      | Learned a level 4 spell: Summon Lightning Spire
  4702 | D:5      | Found a staircase to the Ecumenical Temple.
  4730 | Temple   | Entered the Ecumenical Temple
  5754 | D:6      | Reached skill level 1 in Summonings
  5754 | D:6      | Reached skill level 1 in Air Magic
  6091 | D:7      | Noticed Dowan
  6103 | D:7      | Reached XP level 9. HP: 46/58 MP: 13/13
  6160 | D:7      | Found a sacrificial altar of Ru.
  6160 | D:7      | Found a bloodstained altar of Trog.
  6161 | D:7      | Found a blossoming altar of Fedhas.
  6161 | D:7      | Noticed Duvessa
  6205 | D:7      | Found Tohoeh's Antique Weapon Boutique.
  6323 | D:7      | Killed Duvessa
  6332 | D:7      | Killed Dowan
  7020 | D:7      | Reached skill level 5 in Short Blades
  7362 | D:8      | Found an opulent altar of Gozag.
  7373 | D:8      | Became a worshipper of Gozag Ym Sagoz the Greedy
  7486 | D:8      | Noticed a two-headed ogre
  7729 | D:8      | Found a staircase to the Lair.
  7966 | D:9      | Noticed a two-headed ogre
  8027 | D:8      | You fall into a shaft and drop 2 floors!
  8027 | D:10     | Entered Level 10 of the Dungeon
  8033 | D:10     | Noticed a two-headed ogre
  8134 | D:9      | Found a runed translucent door.
  8138 | D:9      | Noticed a deep elf mage
  8147 | D:9      | Noticed a fire dragon
  8174 | D:8      | Found a runed translucent gate.
  8176 | D:8      | Found a runed translucent gate.
  8177 | D:8      | Found a runed translucent gate.
  8177 | D:8      | Noticed NoobNation's ghost (novice HOFi)
  8574 | D:8      | Slain by an orc warrior

Illustrated notes

Levels and vault maps discovered:
D:1:      heliophobic_arrival_dark_side_of_the_moon, layout_basic
D:2:      minmay_razor_zed, layout_basic, first_ration, uniq_natasha
D:3:      layout_basic, minmay_liquid_box
D:4:      layout_basic, lemuel_round_altar, serial_shops, shop,
          nicolae_shop_trees, shop, shop, shop_fountains, uniq_edmund,
          uniq_pikel, uniq_blork_the_orc
D:5:      layout_cave_pools, grunt_temple_overflow_cloverleaf, elyvilon_altar_4,
          lemuel_coloured_pillars_altar, minmay_temple_entry_mini_moons,
          abandoned_shop
D:6:      layout_gridville
D:7:      layout_loops_ring, gammafunk_temple_overflow_claw, serial_shops,
          nicolae_shop_temple_entry_statues_fountains, uniq_duvessa
D:8:      layout_basic, nicolae_gozag_cash_rules_everything_around_me,
          lair_entry_dummy, gammafunk_ghost_nasty_kobolds
D:9:      minmay_the_grid_four_pointed_star_mashed
          [minmay_the_grid_triangle_9x9_dagger,
          minmay_the_grid_triangle_9x9_subtriangle,
          minmay_the_grid_triangle_9x9_windchime,
          minmay_the_grid_triangle_9x9_warning,
          minmay_the_grid_prize_diamond_cup], layout_grid_maze
D:10:     layout_long_grid, ebering_ghost_gozag
Temple:   minmay_temple_curvy_loop

Skill      XL: |  1  2  3  4  5  6  7  8  9 |
---------------+----------------------------+-----
Long Blades    | 3 4 |  4.9
Dodging        | 3 4 5 6 |  6.2
Stealth        | 1 4 5 6 |  6.1
Short Blades   | 2 3 4 5 |  5.7
Fighting       | 3 4 |  4.1
Spellcasting   | 3 |  3.7
Charms         | 1 2 |  2.3
Translocations | 4 |  4.3
Summonings     | 1 3 |  3.4
Air Magic      | 1 3 |  3.3
Throwing       | |  1.0

Action                   |  1- 3 |  4- 6 |  7- 9 || total
-------------------------+-------+-------+-------++-------
Melee: Falchion          |    40 |       |       ||    40
       Constrict         |    14 |    24 |    60 ||    98
       Tentacles         |    13 |    19 |    77 ||   109
       Dagger            |    23 |    95 |   428 ||   546
Throw: Boomerang         |       |     1 |    21 ||    22
       Dart              |       |       |    12 ||    12
 Cast: Shroud of Golubri |     3 |     3 |    32 ||    38
       Blink             |       |       |     6 ||     6
  Use: Scroll            |       |     7 |     4 ||    11
       Potion            |       |       |     5 ||     5
 Stab: Sleeping          |     3 |     3 |    14 ||    20
  Eat: Chunk             |       |     2 |     9 ||    11
       Ration            |       |     1 |     3 ||     4
Armor: Skin              |    11 |    11 |    76 ||    98
Dodge: Dodged            |    44 |    60 |   274 ||   378
       Rpst.: Falchion   |     7 |       |       ||     7

Table legend:
 A = Non-vault XP
 B = Vault XP
 C = Vault XP percentage of total XP
 D = Non-vault monster count
 E = Vault monster count
 F = Vault count percentage of total count
                 A         B        C        D         E       F
            +---------+---------+-------+---------+---------+-------
      Total |    3252 |    1123 |  25.7 |     133 |      21 |  13.6
            +---------+---------+-------+---------+---------+-------
        D:1 |      24 |       0 |   0.0 |      13 |       0 |   0.0
        D:2 |      68 |     104 |  60.5 |      19 |      16 |  45.7
        D:3 |      92 |       0 |   0.0 |      22 |       0 |   0.0
        D:4 |      64 |     772 |  92.3 |       6 |       2 |  25.0
        D:5 |     507 |       0 |   0.0 |      22 |       0 |   0.0
        D:6 |     564 |       0 |   0.0 |      15 |       0 |   0.0
        D:7 |     531 |     228 |  30.0 |      17 |       2 |  10.5
        D:8 |     944 |       0 |   0.0 |      13 |       0 |   0.0
        D:9 |     458 |      19 |   4.0 |       6 |       1 |  14.3
            +---------+---------+-------+---------+---------+-------
